 Dungeon Crawl Stone Soup version 0.17-a0-1655-g88a8506 (webtiles) character file.

129 karlkraus the Shield-Bearer (level 4, 0/40 HPs)
             Began as a Minotaur Fighter on Aug 15, 2015.
             Slain by an ogre
             ... wielding a +0 giant spiked club
              (13 damage)
             ... on level 4 of the Dungeon.
             The game lasted 00:03:16 (1898 turns).

karlkraus the Shield-Bearer (Minotaur Fighter)      Turns: 1898, Time: 00:03:17

Health: 0/40       AC: 10    Str: 20    XL:     4   Next: 88%
Magic:  3/3        EV:  8    Int:  5    God:
Gold:   134        SH: 10    Dex: 13    Spells: 0 memorised, 3 levels left

rFire  . . .     SeeInvis .     a - +0 flail
rCold  . . .     Clarity  .     b - +0 scale mail
rNeg   . . .     SustAt   .     c - +0 shield
rPois  .         Gourm    .     (helmet restricted)
rElec  .         Spirit   .     (no cloak)
rCorr  .         Warding  .     u - +2 pair of gloves
rMut   .         Stasis   .     (no boots)
MR     .....                    (no amulet)
Stlth  ..........               p - ring of loudness (curse)
                                o - +2 ring of dexterity

@: not resistant to hostile enchantments, extremely unstealthy
A: retaliatory headbutt, horns 2
a: no special abilities


You were on level 4 of the Dungeon.
You were very hungry.

You visited 1 branch of the dungeon, and saw 4 of its levels.

You collected 134 gold pieces.

Inventory:

Hand weapons
 a - a +0 flail (weapon)
Armour
 b - a +0 scale mail (worn)
 c - a +0 shield (worn)
 u - a +2 pair of gloves (worn)
Jewellery
 o - a +2 ring of dexterity (left hand)
 p - a cursed ring of loudness (right hand)
Scrolls
 g - 4 scrolls of identify {unknown}
 h - a scroll of noise {unknown}
 n - 2 scrolls of teleportation {unknown}
 r - a scroll of recharging {unknown}
 s - 4 scrolls of remove curse {unknown}
 t - a scroll of enchant weapon {unknown}
 v - a scroll of amnesia {unknown}
Potions
 d - a potion of might
 f - a potion of curing {unknown}
 i - 2 potions of flight {unknown}
 k - a potion of heal wounds {unknown}
 m - a potion of brilliance {unknown}
 q - a potion of cancellation {unknown}
Comestibles
 e - 3 bread rations
 j - 2 slices of pizza
 l - 2 meat rations


   Skills:
 + Level 4.3 Fighting
 + Level 3.2 Maces & Flails
 + Level 4.2 Armour
 + Level 1.5 Dodging
 + Level 0.5 Stealth
 + Level 5.0 Shields


You had 3 spell levels left.
You didn't know any spells.

Dungeon Overview and Level Annotations

Branches:
Dungeon (4/15)
 Temple: D:4-7

Altars:
Gozag
Sif Muna
Zin


Innate Abilities, Weirdness & Mutations

You reflexively headbutt those who attack you in melee.
You have a pair of horns on your head.


Message History

You feel sick.
You feel sick.
You open the door.
There is an open door here.
You feel sick.
You feel sick.
You open the door.
There is an open door here.
You feel sick.
You are no longer poisoned.
You see here a worker ant corpse.
An ogre comes into view. It is wielding a giant spiked club.
The ogre shouts!
Drink which item? (? for menu, Esc to quit)
Okay, then.
The ogre barely misses you.
You hit the ogre. You headbutt the ogre.
The ogre is moderately wounded.
The ogre hits you with a giant spiked club!
You die...

#.# #.# ########### #.# #.#
#.......... #.#######.#
#.########. #......##.# #.# #.
######'##.# #.# #.
#.....#########.# #.
#######...............# #<
#.........†####################
#.............@O...............
#.....<..######################
#........# #........#
#........# #........#
#........#


You could see an ogre.

Vanquished Creatures
  A hound (D:4)
  A worker ant (D:4)
  2 adders (D:3)
  2 worms
  A giant gecko (D:1)
  A ball python (D:1)
  8 giant cockroaches
  8 goblins
  7 hobgoblins
  6 kobolds
  A bat (D:1)
  5 giant newts
  3 rats
46 creatures vanquished.

Notes
Turn   | Place    | Note
--------------------------------------------------------------
     0 | D:1      | karlkraus the Minotaur Fighter began the quest for the Orb.
     0 | D:1      | Reached XP level 1. HP: 19/19 MP: 0/0
   113 | D:1      | Reached XP level 2. HP: 25/27 MP: 1/1
   365 | D:1      | Reached skill level 4 in Shields
   753 | D:2      | Reached XP level 3. HP: 28/33 MP: 2/2
   924 | D:2      | Found an opulent altar of Gozag.
  1186 | D:2      | Found a glowing silver altar of Zin.
  1186 | D:2      | Found a deep blue altar of Sif Muna.
  1575 | D:3      | Reached skill level 1 in Dodging
  1575 | D:3      | Reached XP level 4. HP: 40/40 MP: 3/3
  1813 | D:4      | Reached skill level 5 in Shields
  1874 | D:4      | Noticed an ogre
  1898 | D:4      | Slain by an ogre

Vault maps used:
D:1:      sevenhm_arrival_forest_fort_small_5
D:2:      amethyst_overflow_temple_binary, grunt_gozag_statues
D:3:      grunt_temple_overflow_holy_war
D:4:      grunt_temple_overflow_growth_and_decay, minmay_temple_entry_trees

Action                   |  1- 3 |  4- 6 || total
-------------------------+-------+-------++-------
Melee: Flail             |   111 |    21 ||   132
  Eat: Chunk             |     2 |       ||     2
